 Dungeon Crawl Stone Soup version 0.30-a0-378-g86d51d8b50 (webtiles) character file.

Game seed: 5485343070332213216

1887 jkverddd the Summoner (level 9, -8/59 HPs)
             Began as a Merfolk Summoner on Dec 1, 2022.
             Was a Follower of Sif Muna.
             Engulfed by a steam dragon's steam (15 damage)
             ... on level 8 of the Dungeon.
             The game lasted 01:17:47 (6050 turns).

jkverddd the Summoner (Merfolk Summoner)            Turns: 6050, Time: 01:17:47

Health: -8/59      AC:  6    Str: 10    XL:     9   Next: 14%
Magic:  11/28      EV: 13    Int: 14    God:    Sif Muna [*.....]
Gold:   253        SH:  0    Dex: 15    Spells: 8/21 levels left

rFire   . . .      SeeInvis .    y - +5 quarterstaff (venom)
rCold   . . .      Faith    .    (shield currently unavailable)
rNeg    . . .      Spirit   .    a - +0 robe
rPois   .          Reflect  .    (helmet restricted)
rElec   .          Harm     .    z - +1 cloak
rCorr   +          Rampage  .    (no gloves)
Will    .....                    (no boots)
Stlth   ++........               g - amulet of magic regeneration
HPRegen 0.29/turn                H - ring of resist corrosion
MPRegen 0.61/turn                o - ring of magical power

@: very slightly contaminated
A: (nimble swimmer 2), mertail, antennae 1, iridescent scales 1, weak 1
a: Renounce Religion, Channel Magic


You were on level 8 of the Dungeon.
You worshipped Sif Muna.
Sif Muna was aware of your devotion.
You visited 2 branches of the dungeon, and saw 7 of its levels.

You collected 253 gold pieces.

Inventory:

Hand Weapons
 e - a +2 mace of protection
 j - a +0 hammer
 l - a +0 short sword
 m - a +0 dagger
 s - a +0 flail
 t - a +1 dagger of venom
 v - a +0 long sword
 w - a +0 hand axe
 y - a +5 quarterstaff of venom (weapon)
 C - a +0 short sword
 E - a +0 mace of protection
 L - a +0 trident
 O - a +0 war axe
 P - a +0 spear
 Q - a +0 dagger
 R - a +0 short sword
 U - a +0 hand axe
 V - a +0 flail
 W - a +0 flail
 Y - a +0 glaive
 Z - a +0 quarterstaff
Missiles
 i - 36 stones
 n - 15 poisoned darts
 D - a throwing net
 G - 4 datura-tipped darts
 T - 2 boomerangs
Armour
 a - a +0 robe (worn)
 c - a +0 buckler
 f - a +0 leather armour
 h - a +0 robe
 q - a +0 scale mail
 r - a +0 ring mail
 u - a +0 plate armour
 z - a +1 cloak (worn)
 A - a +0 chain mail
 J - a +0 leather armour
 N - a +0 ring mail
Jewellery
 g - an amulet of magic regeneration (around neck)
 o - a ring of magical power (right hand)
 H - a ring of resist corrosion (left hand)
Wands
 F - a wand of paralysis (13)
Scrolls
 d - 4 scrolls of identify
 k - a scroll of fear
 S - 2 scrolls of teleportation
 X - a scroll of poison
Potions
 b - 2 potions of magic
 p - 2 potions of heal wounds
 B - 2 potions of haste {unknown}
 K - a potion of resistance


   Skills:
 + Level 1.1 Fighting
 + Level 0.5 Short Blades
 + Level 0.9(1.4) Maces & Flails
 + Level 1.7(1.9) Staves
 + Level 3.4 Dodging
 + Level 2.7 Stealth
 + Level 6.7 Spellcasting
 + Level 1.3 Hexes
 + Level 8.1 Summonings
 * Level 4.0 Ice Magic


You had 8 spell levels left.
You knew the following spells:

 Your Spells              Type           Power      Damage    Failure   Level
a - Summon Small Mammal   Summ           100%       N/A       1%          1
b - Call Imp              Summ           27%        N/A       1%          2
c - Call Canine Familiar  Summ           27%        N/A       1%          3
d - Summon Guardian Gole  Hex/Summ       18%        N/A       6%          3
e - Summon Lightning Spi  Summ/Air       16%        N/A       26%         4

Your spell library contained the following spells:

 Spells                   Type           Power      Damage    Failure   Level


Dungeon Overview and Level Annotations

Branches:
Dungeon (5/15)             Temple (1/1) D:4

Altars:
Ashenzari
Cheibriados
Dithmenos
Fedhas
Hepliaklqana
Kikubaaqudgha
Nemelex Xobeh
Okawaru
Qazlal
Sif Muna
Uskayaw
Vehumet
Xom
Yredelemnul
The Shining One

Shops:
D:5 *


Innate Abilities, Weirdness & Mutations

((You are very nimble when in or above water. (Stealth+, EV+, Speed+++)))
Your lower body shifts to a powerful aquatic tail in water.
You have a pair of small antennae on your head.
You are partially covered in iridescent scales. (AC +2)
You are weak. (Str -2)


Message History

Your crimson imp misses the steam dragon.
Your guardian golem overheats!
Your bat hits the steam dragon.
Send 'em back where they came from!
Your guardian golem shudders.
Your bat disappears in a puff of smoke!
Your crimson imp shudders.
You hit the nameless horror but do no damage.
The nameless horror is moderately damaged.
The steam dragon bites your guardian golem but does no damage.
The steam dragon claws your guardian golem but does no damage.
Your crimson imp hits the steam dragon.
The nameless horror hits you but does no damage.
The steam dragon bites your guardian golem.
Flame seeps out of your guardian golem.
The steam dragon claws your guardian golem.
Flame seeps out of your guardian golem.
You sock the nameless horror!
The nameless horror is heavily damaged.
Your guardian golem is engulfed in blazing flames.
Flame seeps out of your guardian golem.
Send 'em back where they came from!
Your guardian golem disappears in a puff of smoke!
Your crimson imp disappears in a puff of smoke!
The steam dragon breathes steam at you. The ball of steam misses you.
You hear a shout! x2; You hear an angry hiss.
You are engulfed in a cloud of scalding steam.
The nameless horror hits you!
* * * LOW HITPOINT WARNING * * *
You feel your power leaking away.
A kobold comes into view. It is wielding a +0 short sword.
You hit the nameless horror.
The nameless horror is heavily damaged.
The nameless horror is engulfed in a cloud of scalding steam.
The nameless horror hits you.
* * * LOW HITPOINT WARNING * * *
You feel your power leaking away.
The kobold throws a stone.
The stone closely misses you.
You barely miss the nameless horror.
The nameless horror is severely damaged.
You are engulfed in a cloud of scalding steam.
You die...

...#≈≈≈ #.....
#.[... .. #.#.. .
..#####K..### .#
.....).#...## ...
##......†...##..).
#.§..).~.......<..
#@X)........[#....
#.D§)........# ..
##..........##
##...##...##
##########


You could see a nameless horror, a steam dragon (catching breath) and a kobold.

Vanquished Creatures
  An ogre (D:5)
  2 black bears
  A phantom (D:5)
  A scorpion (D:4)
  A hound (D:5)
  An iguana (D:5)
  5 orcs
  A giant cockroach (D:1)
  2 hobgoblins
  3 kobolds
  A quokka (D:5)
  A bat (D:1)
  A rat (D:3)
21 creatures vanquished.

Vanquished Creatures (collateral kills)
  A fire bat (D:4)
  A sky beast (D:8)
  A phantom (D:4)
  A necrophage (D:5)
  2 scorpions
  A jelly (D:5)
  2 hounds
  Crazy Yiuf (D:2)
  An iguana (D:4)
  3 adders
  5 gnolls (D:5)
  2 worms (D:2)
  A dart slug (D:1)
  10 orcs
  7 endoplasms
  2 giant cockroaches
  3 goblins
  6 hobgoblins
  8 jackals
  4 quokkas
  4 ball pythons
  A bat (D:1)
  2 frilled lizards (D:1)
  4 kobolds
  4 rats
77 creatures vanquished.

Vanquished Creatures (others)
  A hornet (D:8)
  A steam dragon (D:8)
  A centaur (D:5)
  A phantom (D:5)
  A bullfrog (D:5)
  A gnoll sergeant (D:5)
  An iguana (D:5)
  A worm (D:5)
  An orc (D:5)
9 creatures vanquished.

Grand Total: 107 creatures vanquished

Notes
Turn   | Place    | Note
-------+----------+-------------------------------------------
     0 | D:1      | jkverddd the Merfolk Summoner began the quest for the Orb.
     0 | D:1      | Reached XP level 1. HP: 13/13 MP: 3/3
   132 | D:1      | Reached XP level 2. HP: 19/19 MP: 3/5
   156 | D:1      | Gained mutation: You are weak. (Str -2) [potion of
                  | mutation]
   156 | D:1      | Gained mutation: You have a pair of small antennae on your
                  | head. [potion of mutation]
   156 | D:1      | Gained mutation: You are partially covered in iridescent
                  | scales. (AC +2) [potion of mutation]
   831 | D:1      | Learned a level 2 spell: Call Imp
   861 | D:1      | Reached XP level 3. HP: 24/24 MP: 3/6
  1824 | D:2      | Reached XP level 4. HP: 30/30 MP: 3/8
  1901 | D:2      | Found a runed translucent door.
  2171 | D:2      | Noticed Crazy Yiuf
  2195 | D:2      | Killed Crazy Yiuf
  2501 | D:3      | Learned a level 3 spell: Call Canine Familiar
  2538 | D:3      | Reached skill level 5 in Summonings
  2700 | D:3      | Reached XP level 5. HP: 35/35 MP: 1/9
  3050 | D:4      | Found a transporter.
  3324 | D:4      | Reached XP level 6. HP: 30/41 MP: 3/12
  3340 | D:4      | Found a transporter.
  3341 | D:4      | Noticed a fire bat
  3441 | D:4      | Found a staircase to the Ecumenical Temple.
  3464 | Temple   | Entered the Ecumenical Temple
  3674 | Temple   | Became a worshipper of Sif Muna the Loreminder
  3875 | D:4      | Found a glowing golden altar of the Shining One.
  4091 | D:4      | Noticed a black bear
  4114 | D:4      | Killed a black bear
  4115 | D:4      | Reached skill level 1 in Staves
  4115 | D:4      | Reached skill level 6 in Summonings
  4115 | D:4      | Reached XP level 7. HP: 34/47 MP: 6/13
  4198 | D:4      | Found a blossoming altar of Fedhas.
  4506 | D:4      | Killed a fire bat
  4507 | D:4      | Reached skill level 1 in Ice Magic
  4651 | D:5      | Entered Level 5 of the Dungeon
  4660 | D:5      | Reached skill level 5 in Spellcasting
  4724 | D:5      | Learned a level 3 spell: Summon Guardian Golem
  4729 | D:5      | Learned a level 4 spell: Summon Lightning Spire
  4827 | D:5      | Found Rianok's Lightly-Used Armoury.
  5144 | D:5      | Reached XP level 8. HP: 53/53 MP: 16/16
  5371 | D:5      | Reached skill level 7 in Summonings
  5414 | D:5      | Reached skill level 1 in Fighting
  5463 | D:5      | Reached * piety under Sif Muna
  5766 | D:5      | Reached skill level 1 in Hexes
  5867 | D:5      | Found a stormy altar of Qazlal.
  5973 | D:5      | You fall into a shaft and drop 3 floors!
  6005 | D:8      | Noticed a hornet
  6013 | D:8      | Killed a hornet
  6014 | D:8      | Reached skill level 8 in Summonings
  6014 | D:8      | Reached XP level 9. HP: 46/59 MP: 19/19
  6039 | D:8      | Noticed a nameless horror
  6050 | D:8      | Engulfed by a steam dragon's steam

Illustrated notes

Levels and vault maps discovered:
D:1:      minmay_arrival_cross, layout_loops_corners
D:2:      layout_loops_cross, uniq_crazy_yiuf_cottage
D:3:      layout_basic
D:4:      gammafunk_cloud_chamber, layout_basic, mainiacjoe_overflow_24_doors,
          nicolae_tso_swordbearing_angel, temple_fountains
D:5:      minmay_razor_zed, layout_cave_pods, grunt_qazlal_sundering,
          st_stairs_6, hangedman_decor_peaks_small, skrybe_limestone_x,
          minmay_misc_feat_rows, minmay_shop_damaged
D:8:      cheibrodos_fertilizer, layout_rooms,
          mainiacjoe_overflow_six_doors_small, amcnicky_altar_gilded,
          hangedman_misty_isle
Temple:   nicolae_temple_slightly_damp_pantheon

Skill      XL: |  1  2  3  4  5  6  7  8  9 |
---------------+----------------------------+-----
Spellcasting   | 3 4 5 6 |  6.7
Summonings     | 5 6 8 |  8.1
Staves         | 1 |  1.7
Dodging        | 3 |  3.4
Ice Magic      | 1 3 4 |  4.0
Fighting       | 1 |  1.1
Hexes          | 1 |  1.3
Short Blades   | |  0.5
Maces & Flails | |  0.9
Stealth        | |  2.7

Action                   |  1- 3 |  4- 6 |  7- 9 || total
-------------------------+-------+-------+-------++-------
Melee: Mace              |     6 |       |       ||     6
       Short sword       |     3 |     5 |       ||     8
       Quarterstaff      |       |    19 |    40 ||    59
 Cast: Summon Small Mamm |    60 |    54 |    47 ||   161
       Call Imp          |    12 |    19 |    16 ||    47
       Call Canine Famil |       |     8 |    18 ||    26
       Summon Guardian G |       |       |    20 ||    20
  Use: Scroll            |     4 |     4 |     6 ||    14
       Potion            |     1 |     1 |     3 ||     5
 Stab: Distracted        |       |       |     3 ||     3
Armor: Robe              |     5 |     7 |    23 ||    35
Dodge: Dodged            |    26 |    20 |    40 ||    86

Table legend: (Time is in decaauts)
 A = Elapsed time spent in this place.
 B = Non-inter-level travel time spent in this place.
 C = Inter-level travel time spent in this place.
 D = Time resting spent in this place.
 E = Time spent auto-exploring this place.
 F = Levels seen in this place.
 G = Mean time per level.
                   A        B        C        D        E       F      G
               +--------+--------+--------+--------+--------+-----+--------+
         Total |   6059 |   4896 |   1163 |    696 |      8 |   7 |  865.6 |
       Dungeon |   5819 |   4656 |   1163 |    696 |      8 |   6 |  969.8 |
        Temple |    239 |    239 |      0 |      0 |      0 |   1 |  239.0 |
               +--------+--------+--------+--------+--------+-----+--------+

Top non-repeatable levels by time:
     D:4: 1368 daAuts
     D:5: 1324 daAuts
     D:1: 1214 daAuts
     D:2: 1092 daAuts
     D:3: 741 daAuts
  Temple: 239 daAuts
     D:8: 78 daAuts
